 Dungeon Crawl Stone Soup version 0.20.1-1-g8b1a95d66d (webtiles) character file.

61351 yafkata the Basher (level 15, -1/94 HPs)
             Began as a Gargoyle Berserker on Nov 26, 2017.
             Was a High Priest of Trog.
             Slain by a harpy (13 damage)
             ... summoned by Kirke
             ... on level 12 of the Dungeon on Nov 27, 2017.
             The game lasted 02:07:46 (23592 turns).

yafkata the Basher (Gargoyle Berserker)            Turns: 23592, Time: 02:07:46

Health: -1/94      AC:  0    Str: 26    XL:     15   Next: 2%
Magic:  0/15       EV: 16    Int:  9    God:    Trog [*****.]
Gold:   1272       SH:  0    Dex:  9    Spells: 14/14 levels left

rFire    . . .     SeeInvis .   (weapon currently unavailable)
rCold    . . .     Gourm    .   (shield currently unavailable)
rNeg     + . .     Faith    .   (armour currently unavailable)
rPois    ∞         Spirit   +   (helmet currently unavailable)
rElec    .         Reflect  .   (cloak currently unavailable)
rCorr    .         Harm     .   (gloves currently unavailable)
MR       +....                  (boots currently unavailable)
Stlth    +.........             B - amulet of guardian spirit
Regen    0.3/turn               (ring currently unavailable)
MPRegen  0.2/turn               (ring currently unavailable)

@: pig-form, very quick
A: negative energy resistance 1, petrification resistance, rot immunity, AC +11
a: Berserk, Trog's Hand, Brothers in Arms, Burn Spellbooks, Renounce Religion


You were on level 12 of the Dungeon.
You worshipped Trog.
Trog was extremely pleased with you.
You were near starving.
You were a filthy swine.
You visited 2 branches of the dungeon, and saw 18 of its levels.
You also visited: Sewer.

You collected 1272 gold pieces.

Inventory:

Hand Weapons
 p - a +1 glaive of flaming
 z - a +2 morningstar of draining
 I - a +6 antimagic eveningstar (melded)
 W - a +4 broad axe of electrocution
Armour
 f - a +1 pair of gloves (melded)
 v - a +1 robe of cold resistance
 y - a +2 chain mail of cold resistance (melded)
 A - a +1 shield (melded)
 F - a +0 pair of boots of stealth (melded)
 J - a +0 helmet (melded)
 K - a +2 chain mail of poison resistance
 U - a +1 cloak of poison resistance (melded)
Jewellery
 r - an uncursed ring of protection from fire
 B - an amulet of guardian spirit (around neck)
 H - a ring of protection from fire (melded)
 S - a ring of poison resistance (melded)
 V - an uncursed ring of see invisible {unknown}
Wands
 b - a wand of polymorph (11/24)
 c - a wand of polymorph (6/24)
 j - a wand of digging (16/24)
 s - a wand of random effects (25/48)
 u - a wand of acid (6/15)
 w - a wand of digging (19/24)
 M - a wand of random effects (30/48)
 T - a wand of confusion (18/48)
 Z - a wand of flame (16/48)
Scrolls
 h - 4 scrolls of remove curse
 i - 7 scrolls of teleportation
 m - a scroll of blinking
 o - 4 scrolls of fear
 t - 2 scrolls of recharging {unknown}
 E - 5 scrolls of magic mapping
 P - 4 scrolls of enchant weapon
 R - a scroll of identify
Potions
 a - 3 potions of berserk rage {unknown}
 d - 6 potions of flight {unknown}
 e - 3 potions of agility
 k - 6 potions of brilliance {unknown}
 l - 8 potions of curing {unknown}
 q - 3 potions of lignification {unknown}
 x - a potion of mutation {unknown}
 D - a potion of magic {unknown}
 G - 2 potions of haste
 L - 4 potions of heal wounds {unknown}
 Q - a potion of ambrosia {unknown}
 X - a potion of resistance {unknown}
 Y - a potion of experience {unknown}
Comestibles
 g - 3 meat rations
 n - 17 fruits
 C - 9 royal jellies
 O - 4 bread rations


   Skills:
 + Level 11.0 Fighting
 + Level 11.1(13.4) Axes
 + Level 13.7(15.3) Maces & Flails
 + Level 0.1 Throwing
 + Level 10.8 Armour
 + Level 5.4 Dodging
 - Level 1.3 Stealth
 + Level 12.1 Shields
 + Level 0.5 Evocations


You had 14 spell levels left.
You didn't know any spells.

Dungeon Overview and Level Annotations

Branches:
Dungeon (12/15)            Temple (0/1) D:6            Lair (6/6) D:9
  Swamp (0/4) Lair:2        Snake (0/4) Lair:2        Slime (0/5) Lair:5
    Orc (0/2) D:12

Altars:
Hepliaklqana
Nemelex Xobeh
Okawaru
Qazlal
Sif Muna
Yredelemnul
Zin
The Shining One

Shops:
D:8 *

Annotations:
D:12 Kirke


Innate Abilities, Weirdness & Mutations

You are resistant to torment.
((Your stone body is resilient. (AC +11)))
You are immune to poison.
((Your large and strong wings let you fly indefinitely.))
You resist negative energy. (rN+)
((You are resistant to electric shocks. (rElec)))
((You can survive without breathing.))
You are immune to petrification.
You are immune to rotting.


Message History

The harpy screeches!
The harpy closely misses you. The harpy claws you. The harpy claws you!
The harpy misses you.
The harpy screeches!
The harpy closely misses you. The harpy barely misses you. The harpy claws you!
* * * LOW HITPOINT WARNING * * *
The harpy claws you!
* * * LOW HITPOINT WARNING * * *
The harpy screeches!
The harpy claws you.
* * * LOW HITPOINT WARNING * * *
The harpy claws you.
* * * LOW HITPOINT WARNING * * *
The harpy closely misses you. x2
The harpy screeches!
The harpy barely misses you. x2
The harpy screeches!
The harpy claws you!
You die...

#############
#...........#
#.#########.# #.# #H#
######.##### #H#
..@........# #h#
##H###.###.## #.#
#..........# #.#
#.###.###..# #.#########
##.# #.# #..# #.......[.#
...###.###.(####.#######.#
.................# #.#
...####.##..####.# ####.#
#................# #....#
#


You could see 2 harpies.

Vanquished Creatures
  Snorg (D:11)
  Josephine (D:11)
  7 hydras
  The ghost of Gargoyl the Cleaver, a journeyman CeAK of Lugonu (Lair:2)
  3 catoblepae (Lair:5)
  4 two-headed ogres
  2 death yaks
  A fire crab (D:11)
  Pikel (D:4)
  An ugly thing (D:11)
  A deep elf mage (D:12)
  An oklob plant (Lair:5)
  4 elephants (Lair:6)
  A torpor snail (Lair:6)
  Maurice (D:9)
  4 black mambas
  Psyche (D:8)
  23 spiny frogs
  3 rime drakes
  2 kobold demonologists
  11 komodo dragons
  A troll (D:10)
  3 tyrant leeches (Lair:6)
  2 slime creatures (Lair:5)
  Prince Ribbit (D:9)
  15 blink frogs
  9 hippogriffs
  19 dream sheep
  A vampire (D:12)
  5 wraiths (D:11)
  4 basilisks
  40 yaks
  Eustachio (D:4)
  3 hogs (D:12)
  2 wyverns
  Grum (D:8)
  A hungry ghost (D:7)
  4 vampire mosquitoes (Lair:6)
  4 wargs (D:12)
  4 nagas (Lair:2)
  15 water moccasins
  Duvessa (D:4)
  11 porcupines
  2 ice beasts
  2 orc warriors
  3 phantoms
  A slave (D:4)
  A sky beast (D:7)
  A black bear (D:11)
  6 ogres
  13 wolves
  2 centaurs
  15 crocodiles
  5 big kobolds
  35 bullfrogs
  2 wyvern zombies
  Dowan (D:4)
  3 scorpions
  5 killer bees (D:7)
  15 wights
  6 electric eels
  2 howler monkeys (D:8)
  A bullfrog zombie (D:12)
  A quasit (D:8)
  4 crimson imps
  6 hounds
  5 jellies
  5 orc priests
  3 centaur zombies
  7 orc wizards
  Crazy Yiuf (D:6)
  3 bullfrog skeletons
  3 centaur skeletons
  7 worker ants
  2 iguanas
  A killer bee zombie (D:8)
  4 gnolls (D:9)
  12 adders
  A howler monkey skeleton (D:11)
  4 shadow imps
  2 adder skeletons
  6 worms
  2 dart slugs
  6 leopard geckos
  46 orcs
  A giant cockroach (D:4)
  5 goblins
  5 hobgoblins
  12 jackals
  4 quokkas
  4 ball pythons
  5 bats
  9 frilled lizards
  A jackal zombie (D:8)
  38 kobolds
  9 rats
  A spectral orc (D:7)
  5 fungi
  8 plants
580 creatures vanquished.

Vanquished Creatures (collateral kills)
  A scorpion (D:9)
  An adder (D:9)
2 creatures vanquished.

Vanquished Creatures (others)
  Fannar (Lair:3)
  Grinder (D:4)
  An orc wizard (D:3)
  27 fungi
  71 plants
  12 toadstools (Lair:5)
113 creatures vanquished.

Grand Total: 695 creatures vanquished

Notes
Turn   | Place    | Note
-------+----------+-------------------------------------------
     0 | D:1      | yafkata the Gargoyle Berserker began the quest for the Orb.
     0 | D:1      | Reached XP level 1. HP: 14/14 MP: 1/1
   355 | D:1      | Reached XP level 2. HP: 19/19 MP: 2/2
   767 | D:2      | Found a glowing golden altar of the Shining One.
   868 | D:2      | Reached XP level 3. HP: 22/24 MP: 3/3
  1201 | D:2      | Reached ** piety under Trog
  1512 | D:2      | Reached XP level 4. HP: 29/29 MP: 4/4
  1761 | D:3      | Reached skill level 4 in Maces & Flails
  2076 | D:3      | Reached XP level 5. HP: 34/34 MP: 5/5
  2251 | D:3      | Found a stormy altar of Qazlal.
  2333 | D:3      | Found a deep blue altar of Sif Muna.
  2432 | D:3      | Reached skill level 1 in Axes
  2533 | D:4      | Noticed Dowan
  2534 | D:4      | Noticed Duvessa
  2536 | D:4      | Killed Grinder
  2550 | D:4      | Killed Duvessa
  2550 | D:4      | Reached skill level 1 in Stealth
  2550 | D:4      | Reached XP level 6. HP: 39/39 MP: 6/6
  2567 | D:4      | Killed Dowan
  2680 | D:4      | Reached XP level 7. HP: 43/44 MP: 5/7
  2705 | D:4      | Found a glowing drain.
  2760 | Sewer    | Entered a sewer
  2789 | Sewer    | Reached *** piety under Trog
  3460 | D:4      | Reached skill level 1 in Shields
  3480 | D:4      | Noticed Eustachio
  3492 | D:4      | Killed Eustachio
  3492 | D:4      | Reached skill level 5 in Fighting
  3882 | D:4      | Reached XP level 8. HP: 5/49 MP: 0/8
  3932 | D:4      | Reached skill level 5 in Axes
  4308 | D:4      | Noticed Pikel
  4330 | D:4      | Killed Pikel
  4657 | D:5      | Entered Level 5 of the Dungeon
  4874 | D:5      | Reached **** piety under Trog
  4918 | D:5      | Reached XP level 9. HP: 53/55 MP: 7/9
  5472 | D:6      | Found an iron altar of Okawaru.
  5832 | D:6      | Found a staircase to the Ecumenical Temple.
  5902 | D:6      | You fall through a shaft!
  5959 | D:7      | Found a hazy altar of Hepliaklqana.
  6218 | D:7      | Found a basalt altar of Yredelemnul.
  6296 | D:7      | Reached skill level 5 in Armour
  7002 | D:6      | Found a runed door.
  7431 | D:6      | Noticed Crazy Yiuf
  7438 | D:6      | Killed Crazy Yiuf
  7771 | D:8      | Noticed Psyche
  7782 | D:8      | Killed Psyche
  7782 | D:8      | Reached XP level 10. HP: 61/61 MP: 10/10
  7843 | D:8      | Found a glowing silver altar of Zin.
  7844 | D:8      | Noticed Grum
  7931 | D:8      | Killed Grum
  7950 | D:8      | Found Vuxam's General Store.
  8126 | D:8      | Reached ***** piety under Trog
  8126 | D:8      | Reached skill level 5 in Shields
  8295 | D:8      | Noticed a two-headed hydra
  8309 | D:8      | Noticed a kobold demonologist
  8327 | D:8      | Killed a 15-headed hydra
  8327 | D:8      | Reached skill level 10 in Axes
  8763 | D:8      | Noticed an orange demon
  8772 | D:8      | Noticed a rust devil
  8772 | D:8      | Killed a kobold demonologist
  8834 | D:8      | Received a gift from Trog
  8968 | D:8      | Reached XP level 11. HP: 67/67 MP: 11/11
  9175 | D:9      | Noticed Maurice
  9188 | D:9      | Killed Maurice
  9595 | D:9      | Found a staircase to the Lair.
  9719 | D:9      | Found a sparkling altar of Nemelex Xobeh.
  9815 | D:9      | Noticed Prince Ribbit
  9831 | D:9      | Killed Prince Ribbit
  9931 | Lair:1   | Entered Level 1 of the Lair of Beasts
 10002 | Lair:1   | Reached skill level 5 in Maces & Flails
 10377 | Lair:1   | Reached skill level 6 in Maces & Flails
 10951 | Lair:1   | Noticed a seven-headed hydra
 11021 | Lair:1   | Killed a seven-headed hydra
 11759 | Lair:2   | Reached XP level 12. HP: 61/75 MP: 12/12
 11766 | Lair:2   | Reached skill level 7 in Maces & Flails
 11794 | Lair:2   | Found a staircase to the Swamp.
 12099 | Lair:2   | Noticed Gargoyl's ghost (journeyman CeAK)
 12118 | Lair:2   | Received a gift from Trog
 12141 | Lair:2   | Killed Gargoyl's ghost
 12403 | Lair:2   | Found a staircase to the Snake Pit.
 12428 | Lair:2   | Reached skill level 8 in Maces & Flails
 13143 | Lair:3   | Noticed Fannar
 13209 | Lair:3   | Killed Fannar
 14718 | Lair:4   | Reached skill level 9 in Maces & Flails
 15843 | Lair:5   | Found a staircase to the Slime Pits.
 16114 | Lair:5   | Reached XP level 13. HP: 70/80 MP: 9/13
 16554 | Lair:5   | Reached skill level 10 in Maces & Flails
 16900 | Lair:5   | Found a runed door.
 16989 | Lair:5   | Received a gift from Trog
 17962 | Lair:5   | Reached skill level 11 in Maces & Flails
 17984 | Lair:6   | Entered Level 6 of the Lair of Beasts
 18035 | Lair:6   | Reached skill level 10 in Armour
 18035 | Lair:6   | Reached skill level 10 in Shields
 18475 | Lair:6   | Reached skill level 10 in Fighting
 18796 | Lair:6   | Gained mutation: Your large and strong wings let you fly indefinitely. [Gargoyle growth]
 18796 | Lair:6   | Reached XP level 14. HP: 49/88 MP: 8/14
 18880 | Lair:6   | Reached skill level 12 in Maces & Flails
 19218 | Lair:6   | Reached skill level 5 in Dodging
 19606 | Lair:6   | Received a gift from Trog
 19801 | Lair:6   | Reached skill level 13 in Maces & Flails
 21264 | D:10     | Entered Level 10 of the Dungeon
 22457 | D:11     | Noticed Snorg
 22476 | D:11     | Killed Snorg
 22481 | D:11     | Received a gift from Trog
 22738 | D:11     | Noticed Josephine
 22749 | D:11     | Killed Josephine
 23156 | D:12     | Found a staircase to the Orcish Mines.
 23284 | D:12     | Reached XP level 15. HP: 94/94 MP: 5/15
 23387 | D:12     | Noticed Kirke
 23592 | D:12     | Slain by a harpy

Skill      XL: |  1  2  3  4  5  6  7  8  9 10 11 12 13 14 |
---------------+-------------------------------------------+-----
Fighting       | 4 5 6 7 8 9 10 11 | 11.0
Dodging        | 2 3 4 5 |  5.4
Maces & Flails | 4 6 9 11 13 | 13.7
Axes           | 2 3 4 7 9 10 11 | 11.1
Stealth        | 1 |  1.3
Armour         | 3 4 5 6 8 9 10 | 10.8
Shields        | 2 3 4 6 7 9 10 12 | 12.1
Throwing       | |  0.1
Evocations     | |  0.5

Action                   |  1- 3 |  4- 6 |  7- 9 | 10-12 | 13-15 || total
-------------------------+-------+-------+-------+-------+-------++-------
Melee: Mace              |    88 |     6 |       |       |       ||    94
       Flail             |    18 |       |       |       |       ||    18
       Hand axe          |       |   103 |   498 |   207 |       ||   808
       Battleaxe         |       |       |       |   121 |       ||   121
       Morningstar       |       |       |       |   572 |   903 ||  1475
       Eveningstar       |       |       |       |       |   175 ||   175
       Unarmed           |       |       |       |       |    12 ||    12
Throw: Tomahawk          |       |       |       |     4 |       ||     4
Invok: Berserk           |       |     2 |     4 |     5 |     4 ||    15
       Burn Spellbooks   |       |       |     1 |     2 |     1 ||     4
       Trog's Hand       |       |       |       |     1 |       ||     1
       Brothers in Arms  |       |       |       |     1 |       ||     1
Evoke: Wand              |       |       |       |       |     1 ||     1
  Use: Scroll            |       |       |    15 |    13 |     4 ||    32
       Potion            |       |       |       |       |     1 ||     1
 Stab: Sleeping          |       |     1 |       |       |       ||     1
  Eat: Chunk             |     2 |     6 |    12 |     9 |    11 ||    40
       Bread ration      |       |       |     3 |       |     1 ||     4
       Meat ration       |       |       |     1 |     5 |     2 ||     8
       Royal jelly       |       |       |       |     1 |       ||     1
Armor: Animal skin       |    33 |     2 |       |       |       ||    35
       Chain mail        |       |    57 |   203 |   515 |   621 ||  1396
Dodge: Dodged            |    85 |    36 |   114 |   339 |   355 ||   929
Block: Shield            |       |    23 |   193 |   519 |   691 ||  1426
